 Dungeon Crawl Stone Soup version 0.16-a0-3880-g9314259 (webtiles) character file.

105 timbw the Slasher (level 4, -5/38 HPs)
             Began as a Ghoul Gladiator on Feb 1, 2015.
             Slain by a gnoll
             ... wielding a +0 club
              (9 damage)
             ... on level 3 of the Dungeon.
             The game lasted 00:02:22 (437 turns).

timbw the Slasher (Ghoul Gladiator)                  Turns: 437, Time: 00:02:23

Health: -5/38      AC:  4    Str: 18    XL:     4   Next: 83%
Magic:  3/3        EV: 12    Int:  4    God:
Gold:   29         SH:  0    Dex:  9    Spells: 0 memorised, 3 levels left

rFire  . . .     SeeInvis .     a - +0 long sword
rCold  + . .     Clarity  .     b - +0 leather armour
rNeg   + + +     SustAb   .     (no shield)
rPois  ∞         Gourm    .     c - +0 helmet
rElec  .         Spirit   .     (no cloak)
rCorr  .         Warding  .     (no gloves)
rMut   .         Stasis   .     (no boots)
MR     .....                    (no amulet)
Stlth  +.........               (no ring)
                                (no ring)

@: rotting, not resistant to hostile enchantments, very unstealthy
A: rotting body, claws 1, carnivore 3, cold resistance 1, negative energy
resistance 3, poison resistance, slow healing 1, torment resistance, unbreathing
a: no special abilities


You were on level 3 of the Dungeon.
You were not hungry.

You visited 1 branch of the dungeon, and saw 3 of its levels.

You collected 29 gold pieces.

Inventory:

Hand weapons
 a - a +0 long sword (weapon)
Missiles
 d - 2 throwing nets (quivered)
 f - 21 poisoned needles
Armour
 b - a +0 leather armour (worn)
 c - a +0 helmet (worn)
Scrolls
 h - a scroll of identify {unknown}
 i - a scroll of remove curse {unknown}
 k - a scroll of blinking {unknown}
 m - a scroll of magic mapping {unknown}
Potions
 e - a potion of heal wounds {unknown}
Comestibles
 g - a beef jerky
 j - a slice of pizza
 l - a chunk of flesh


   Skills:
 + Level 3.4 Fighting
 * Level 4.3 Long Blades
 - Level 1.7 Throwing
 - Level 2.6 Dodging


You had 3 spell levels left.
You didn't know any spells.

Dungeon Overview and Level Annotations

Branches:
Dungeon (3/15)

Altars:
Dithmenos
Fedhas
Qazlal


Innate Abilities, Weirdness & Mutations

Your body is rotting away.
You thrive on raw meat.
You have sharp fingernails.
You are carnivorous and can eat meat at any time.
Your flesh is cold resistant.
You are immune to negative energy.
Your system is resistant to poisons.
You heal slowly when monsters are visible.
You are immune to unholy pain and torment.
You can survive without breathing.


Message History

The gnoll is severely wounded.
The gnoll hits you with a club. The gnoll closely misses you.
The gnoll hits you from afar with a spear.
* * * LOW HITPOINT WARNING * * *
Throwing (i - inventory):
d - 3 throwing nets (quivered)
Press: ? - help, Shift-Dir - straight line, f - gnoll
Aim: a gnoll, wielding a halberd (severely wounded)
You throw a throwing net. The throwing net hits the gnoll.
The gnoll is caught in the net!
The gnoll is severely wounded.
The gnoll hits you with a club.
* * * LOW HITPOINT WARNING * * *
The gnoll struggles against the net.
The gnoll hits you but does no damage.
The gnoll struggles to escape the net.
The gnoll shouts!
The gnoll struggles against the net.
The gnoll struggles against the net.
There is a stone staircase leading up here.
The gnoll hits you with a club!
You die...

#..#.#............
#..#..............
#
#..###.......(....
# #
#..###(####.....##
##.# ##......#
.......# ...#
#..###### #.......#
#### #.## #.......#
###########
#.##########.....##
.....g..g.#
#.@......# ##...##
.###.#.##.#
#.g#####.# ...##
.....#.##.#####g.#
#
.##..#....gg..g..#
.##.....#.######.#
.......##.# #.#
####......# #..
######## ####


You could see 3 gnolls.

Vanquished Creatures
  The ghost of Fusha the Grave Robber, an average NaNe (D:3)
  An adder (D:3)
  2 giant geckos (D:2)
  An ooze (D:2)
  A giant cockroach (D:2)
  2 hobgoblins (D:2)
  A goblin (D:2)
  3 rats
12 creatures vanquished.

Notes
Turn   | Place    | Note
--------------------------------------------------------------
     0 | D:1      | timbw, the Ghoul Gladiator, began the quest for the Orb.
     0 | D:1      | Reached XP level 1. HP: 17/17 MP: 1/1
    54 | D:2      | Found a blossoming altar of Fedhas.
    56 | D:2      | Found a shadowy altar of Dithmenos.
    89 | D:2      | Reached skill level 3 in Long Blades
   104 | D:2      | Reached XP level 2. HP: 11/22 MP: 2/2
   168 | D:2      | Found a stormy altar of Qazlal.
   267 | D:3      | Noticed Fusha's ghost (average NaNe)
   294 | D:3      | Killed Fusha's ghost
   294 | D:3      | Reached skill level 4 in Long Blades
   294 | D:3      | Reached XP level 3. HP: 15/31 MP: 3/3
   294 | D:3      | Reached XP level 4. HP: 18/38 MP: 3/3
   437 | D:3      | Slain by a gnoll

Action                   |  1- 3 |  4- 6 || total
-------------------------+-------+-------++-------
Melee: Long sword        |    47 |    13 ||    60
Throw: Throwing net      |       |     1 ||     1
  Eat: Chunk             |     3 |     2 ||     5
